 Dungeon Crawl Stone Soup version 0.26-a0-667-g92642533e4 (webtiles) character file.

Game seed: 15293679520392197423

109 Firecrotchwizard the Skirmisher (level 4, 0/39 HPs)
             Began as a Hill Orc Fire Elementalist on Oct 18, 2020.
             Slain by an ogre
             ... wielding a +0 giant club
              (12 damage)
             ... on level 4 of the Dungeon.
             The game lasted 00:05:05 (3345 turns).

Firecrotchwizard the Skirmisher (HOFE)              Turns: 3345, Time: 00:05:06

Health: 0/39       AC:  8    Str: 10    XL:     4   Next: 90%
Magic:  6/6        EV:  8    Int: 16    God:
Gold:   203        SH:  0    Dex:  7    Spells: 5/6 levels left

rFire    . . .     SeeInvis .   e - +3 dagger (vamp) {!w}
rCold    . . .     Faith    .   (no shield)
rNeg     . . .     Spirit   .   g - +0 scale mail
rPois    .         Reflect  .   l - +0 helmet
rElec    .         Harm     .   (no cloak)
rCorr    .         Rampage  .   (no gloves)
MR       .....                  (no boots)
Stlth    +.........             f - amulet of magic regeneration
HPRegen  0.13/turn              d - -4 ring of dexterity (curse)
MPRegen  0.35/turn              h - ring of stealth {Stlth+}

@: no status effects
A: no striking features
a: no special abilities


You were on level 4 of the Dungeon.
You visited 1 branch of the dungeon, and saw 4 of its levels.

You collected 203 gold pieces.

Inventory:

Hand Weapons
 b - a +0 club
   (You took it off a hobgoblin on level 1 of the Dungeon)
 e - a +3 vampiric dagger (weapon) {!w}
   (You took it off a goblin on level 2 of the Dungeon)
Armour
 a - a +0 robe
 g - a +0 scale mail (worn)
   (You found it on level 2 of the Dungeon)
 l - a +0 helmet (worn)
   (You found it on level 3 of the Dungeon)
Jewellery
 d - a cursed -4 ring of dexterity (left hand)
   (You found it on level 1 of the Dungeon)
 f - an amulet of magic regeneration (around neck)
   (You found it on level 3 of the Dungeon)
 h - a ring of stealth (right hand) {Stlth+}
   (You found it on level 2 of the Dungeon)
Scrolls
 j - a scroll of teleportation
Potions
 c - a potion of curing {unknown}
 i - a potion of cancellation


   Skills:
 + Level 3.6 Fighting
 + Level 3.2 Armour
 - Level 1.5 Dodging
 - Level 1.5 Stealth
 - Level 1.5 Spellcasting
 - Level 1.0 Conjurations
 - Level 3.2 Fire Magic


You had 5 spell levels left.
You knew the following spells:

 Your Spells              Type           Power        Failure   Level
a - Foxfire               Conj/Fire      #...         50%         1

Your spell library contained the following spells:

 Spells                   Type           Power        Failure   Level
 Conjure Flame            Conj/Fire      #.......     86%         3
 Inner Flame              Hex/Fire       #.......     91%         3
 Sticky Flame             Conj/Fire      #.......     99%         4
 Fireball                 Conj/Fire      #.........   100%        5


Dungeon Overview and Level Annotations

Branches:
Dungeon (4/15)
 Temple: D:4-7

Altars:
Ashenzari
Elyvilon
Ru
Trog
Uskayaw
Yredelemnul
The Shining One

Annotations:
D:2 Sigmund


Message History

You barely miss the worker ant.
The worker ant bites you but does no damage.
You hit the worker ant.
You feel better. The worker ant closely misses you.
You hit the worker ant but do no damage.
The worker ant bites you.
You are poisoned.
The worker ant poisons you!
You take 5 damage, and have 27/38 hp.
You are too injured to fight recklessly!
You are too injured to fight recklessly!
You hit the worker ant but do no damage.
You feel sick.
The worker ant bites you but does no damage. x2
You hit the worker ant but do no damage.
You feel sick.
The worker ant bites you but does no damage.
You take 1 damage, and have 26/38 hp.
You hit the worker ant.
You feel better.
You feel sick. The worker ant barely misses you.
You barely miss the worker ant. The worker ant closely misses you.
You closely miss the worker ant.
You feel sick. The worker ant barely misses you.
You take 1 damage, and have 25/38 hp.
You hit the worker ant but do no damage.
You feel sick.
The worker ant bites you but does no damage.
The worker ant closely misses you.
You take 1 damage, and have 24/38 hp.
You hit the worker ant but do no damage.
The worker ant barely misses you.
You closely miss the worker ant.
You feel sick.
The worker ant waves its antennae.
The worker ant bites you.
You take 5 damage, and have 19/38 hp.
Your scale mail prevents you from hitting the worker ant.
The worker ant bites you but does no damage.
You closely miss the worker ant.
The worker ant bites you but does no damage.
You hit the worker ant.
You kill the worker ant!
Your Armour skill increases to level 3!
You feel sick.
You take 1 damage, and have 19/38 hp.
You feel sick.
You see here a bardiche.
You take 1 damage, and have 18/38 hp.
You now have 194 gold pieces (gained 13).
You start resting.
You feel sick. x4
You are no longer poisoned.
You take 2 damage, and have 16/38 hp.
You start resting.
Health restored: 38 You see here a bardiche.
Found a stone staircase leading up.
You open the door.
There is an open door here.
You see here 16 stones.
A worm comes into view.
The worm moves out of view.
A worm is nearby!
Found a stone staircase leading up.
The worm bites you.
You take 3 damage, and have 35/38 hp.
You hit the worm. The worm barely misses you.
You hit the worm. You hit the worm.
You feel better. The worm bites you.
You take 3 damage, and have 32/38 hp.
You hit the worm. You hit the worm.
You kill the worm!
No target in view!
You see here a worm corpse.
You see here a ring mail.
You now have 203 gold pieces (gained 9).
An ogre comes into view. It is wielding a +0 giant club.
The ogre shouts!
Health restored: 39 You aren't carrying any items that you can evoke.
Okay, then.
It was a potion of cancellation.
You feel magically purged.
You hit the ogre. The ogre barely misses you.
You hit the ogre. You hit the ogre but do no damage.
The ogre hits you with a +0 giant club!
You take 10 damage, and have 29/39 hp.
MASSIVE DAMAGE!!
You hit the ogre. The ogre hits you with a +0 giant club!
You take 12 damage, and have 17/39 hp.
MASSIVE DAMAGE!!
You hit the ogre. The ogre hits you with a +0 giant club!
* * * LOW HITPOINT WARNING * * *
You take 11 damage, and have 6/39 hp.
MASSIVE DAMAGE!!
You hit the ogre.
You feel better.
You regained 5 hp, and now have 11/39 hp.
You barely miss the ogre. The ogre closely misses you.
You completely miss the ogre. The ogre barely misses you.
You hit the ogre. The ogre closely misses you.
Your scale mail prevents you from hitting the ogre.
The ogre hits you with a +0 giant club!
You die...

##.... #..... ....
#### ...## ##...####
#..###.......#
##.##........#
##............#
##...#.........##
#..@##..........#
#..O##...........###
#..#
#.............#.
#..#
#.........#.....
#...
#.....#####..###
#... ##########..##
... ##..### ..#
##..## ##..#####


You could see an ogre.

Vanquished Creatures
  A worker ant (D:4)
  3 adders
  A worm (D:4)
  3 dart slugs
  A leopard gecko (D:2)
  An orc (D:2)
  6 bats
  3 giant cockroaches
  7 goblins
  5 hobgoblins
  A quokka (D:2)
  4 frilled lizards
  6 kobolds
  6 rats
48 creatures vanquished.

Vanquished Creatures (others)
  38 foxfires
  6 plants (D:2)
44 creatures vanquished.

Grand Total: 92 creatures vanquished

Notes
Turn   | Place    | Note
-------+----------+-------------------------------------------
     0 | D:1      | Firecrotchwizard the Hill Orc Fire Elementalist began the
                  | quest for the Orb.
     0 | D:1      | Reached XP level 1. HP: 14/14 MP: 3/3
   136 | D:1      | HP: 1/15 [rat (3)]
   139 | D:1      | Reached skill level 1 in Fighting
   501 | D:1      | Reached skill level 1 in Armour
   501 | D:1      | Reached XP level 2. HP: 23/23 MP: 1/4
   937 | D:1      | Reached skill level 2 in Fighting
  1012 | D:1      | Reached XP level 3. HP: 18/29 MP: 2/5
  1152 | D:1      | Reached skill level 2 in Armour
  1603 | D:2      | Found a sacrificial altar of Ru.
  1844 | D:2      | Reached XP level 4. HP: 31/37 MP: 3/6
  1865 | D:2      | Reached skill level 3 in Fighting
  1966 | D:2      | Found a glowing golden altar of the Shining One.
  2126 | D:2      | Noticed Sigmund
  2138 | D:3      | Found a faded altar of an unknown god.
  2154 | D:3      | Found a bloodstained altar of Trog.
  2180 | D:3      | Found a hide-covered altar of Uskayaw.
  2180 | D:3      | Noticed a +0 hand axe
  2181 | D:3      | Noticed a +0 hand axe
  2273 | D:3      | Found a basalt altar of Yredelemnul.
  2321 | D:3      | Found a white marble altar of Elyvilon.
  2784 | D:4      | Found a broken altar of Ashenzari.
  2807 | D:4      | Reached skill level 3 in Armour
  3332 | D:4      | Noticed an ogre
  3340 | D:4      | HP: 6/39 [ogre/+0 giant club (11)]
  3345 | D:4      | Slain by an ogre

Illustrated notes

Levels and vault maps discovered:
D:1:      kennysheep_arrival_seaside, layout_basic
D:2:      layout_rooms, old_standard_altar, nicolae_overflow_crystal_walls,
          serial_bayou_ford_a, uniq_sigmund
D:3:      layout_basic, elyvilon_altar_3, dancing_weapons_uskayaw,
          lemuel_round_altar, lemuel_doored_altar,
          chequers_ecumenical_altar_simple
D:4:      layout_cave_pods, evilmike_ruin_ashenzari,
          minmay_temple_entry_antechambers

Skill      XL: |  1  2  3  4 |
---------------+-------------+-----
Fighting       | 1 2 3 |  3.6
Armour         | 1 2 3 |  3.2
Dodging        | |  1.5
Stealth        | |  1.5
Spellcasting   | |  1.5
Conjurations   | |  1.0
Fire Magic     | |  3.2

Action                   |  1- 3 |  4- 6 || total
-------------------------+-------+-------++-------
Melee: Unarmed           |    10 |       ||    10
       Club              |    71 |       ||    71
       Dagger            |    14 |    79 ||    93
 Cast: Foxfire           |    24 |       ||    24
  Use: Scroll            |       |     5 ||     5
       Potion            |       |     1 ||     1
 Stab: Sleeping          |     2 |       ||     2
Armor: Robe              |    28 |       ||    28
       Scale mail        |       |    25 ||    25
Dodge: Dodged            |    81 |    35 ||   116

Table legend: (Time is in decaauts)
 A = Elapsed time spent in this place.
 B = Non-inter-level travel time spent in this place.
 C = Inter-level travel time spent in this place.
 D = Time resting spent in this place.
 E = Time spent auto-exploring this place.
 F = Levels seen in this place.
 G = Mean time per level.
                   A        B        C        D        E       F      G
               +--------+--------+--------+--------+--------+-----+--------+
         Total |   3367 |   3262 |    105 |   1272 |   1514 |   4 |  841.8 |
       Dungeon |   3367 |   3262 |    105 |   1272 |   1514 |   4 |  841.8 |
               +--------+--------+--------+--------+--------+-----+--------+

Top non-repeatable levels by time:
     D:1: 1391 daAuts
     D:2: 768 daAuts
     D:3: 618 daAuts
     D:4: 587 daAuts

Table legend:
 A = Kills in this place as a percentage of kills in entire the game.
 B = Kills by you in this place as a percentage of kills by you in the entire game.
 C = Kills by friends in this place as a percentage of kills by friends in the entire game.
 D = Other kills in this place as a percentage of other kills in the entire game.
 E = Experience gained in this place as a percentage of experience gained in the entire game.
 F = Experience gained in this place divided by the number of levels of this place that you have seen.
                   A       B       C       D       E      F
               +-------+-------+-------+-------+-------+----------------------
         Total | 100.0 | 100.0 |   N/A |   N/A | 100.0 |  39.2
       Dungeon | 100.0 | 100.0 |   N/A |   N/A | 100.0 |  39.2
               +-------+-------+-------+-------+-------+----------------------
